 Dungeon Crawl Stone Soup version 0.29.1-1-gd02db69 (webtiles) character file.

Game seed: 15556372396426634385

101 Kel the Chopper (level 4, -2/40 HPs)
             Began as a Minotaur Berserker on Nov 23, 2022.
             Was a Believer of Trog.
             Killed by nerve-wracking pain
             ... invoked by Grinder
              (12 damage)
             ... while paralysed by Grinder
             ... on level 3 of the Dungeon.
             The game lasted 00:03:09 (2072 turns).

Kel the Chopper (Minotaur Berserker)                Turns: 2072, Time: 00:03:09

Health: -2/40      AC:  9    Str: 21    XL:     4   Next: 48%
Magic:  3/3        EV:  2    Int:  4    God:    Trog [**....]
Gold:   111        SH:  0    Dex: 12    Spells: 3/3 levels left

rFire   . . .      SeeInvis .   i - +5 club
rCold   . . .      Faith    .   (no shield)
rNeg    . . .      Spirit   .   e - +0 scale mail
rPois   .          Reflect  .   (helmet restricted)
rElec   .          Harm     .   j - +0 cloak
rCorr   .          Rampage  .   f - +0 pair of gloves
Will    .....                   (no boots)
Stlth   ..........              (no amulet)
HPRegen 0.13/turn               g - +4 ring of slaying
MPRegen 0.08/turn               (no ring)

@: paralysed
A: horns 2, retaliatory headbutt
a: Renounce Religion, Berserk, Trog's Hand


You were on level 3 of the Dungeon.
You worshipped Trog.
Trog was pleased with you.
You visited 1 branch of the dungeon, and saw 3 of its levels.

You collected 111 gold pieces.

Inventory:

Hand Weapons
 a - a +0 hand axe
 i - a +5 club (weapon)
Armour
 e - a +0 scale mail (worn)
 f - a +0 pair of gloves (worn)
 j - a +0 cloak (worn)
Jewellery
 g - a +4 ring of slaying (left hand)
Scrolls
 c - a scroll of fear {unknown}
 k - a scroll of magic mapping {unknown}
Potions
 b - a potion of curing {unknown}
 d - a potion of degeneration {unknown}
 h - a potion of cancellation {unknown}


   Skills:
 - Level 3.9 Fighting
 + Level 5.8 Axes
 - Level 2.8 Armour
 - Level 2.5 Dodging


You had 3 spell levels left.
You didn't know any spells.
Your spell library was empty.

Dungeon Overview and Level Annotations

Branches:
Dungeon (3/15)

Altars:
Xom

Annotations:
D:3 Grinder


Innate Abilities, Weirdness & Mutations

You have a pair of horns on your head.
You reflexively headbutt those who attack you in melee.


Message History

You start putting on your armour.
You continue putting on your +0 cloak. x4
You finish putting on your +0 cloak.
k - a scroll labelled TEOP QOLEWN You now have 111 gold pieces (gained 6).
Grinder comes into view.
She is carrying a wand of flame (26).
Found 2 stones and a leather armour.
Grinder shouts!
Grinder blinks!
Grinder moves out of view.
Grinder is nearby!
Grinder gestures at you. Pain shoots through your body! Grinder hits you.
You writhe in agony.
You hit Grinder. Your headbutt misses Grinder.
Grinder is lightly wounded.
Grinder hits you.
You writhe in agony.
You are too injured to fight recklessly!
You sock Grinder! Your headbutt misses Grinder.
Grinder is moderately wounded.
Grinder zaps a wand.
The puff of flame hits you.
You barely miss Grinder.
Grinder is moderately wounded.
Grinder barely misses you.
You closely miss Grinder. Your headbutt misses Grinder.
Grinder is moderately wounded.
Grinder closely misses you. You furiously retaliate!
You headbutt Grinder!
Grinder zaps a wand.
The puff of flame hits you.
You closely miss Grinder.
Grinder is heavily wounded.
Grinder blinks!
Grinder gestures at you. Pain shoots through your body!
* * * LOW HITPOINT WARNING * * *
Grinder closely misses you.
You barely miss Grinder.
Grinder is heavily wounded.
Grinder gestures at you.
You suddenly lose the ability to move!
Grinder gestures at you. Pain shoots through your body!
You die...

#....#..####.......#.
#..........#.......#
#..................#
#..................#
#.....#.#.....#....#
#....#####...##....#
##.....#.##..## #####
##........##..#
#(.....@5....##
#..........###
#.[.#..#...#
#..######..# #.. ..#
#.. ..# #.. .# #. .#


You could see Grinder.

Vanquished Creatures
  Jessica (D:3)
  2 adders (D:2)
  A worm (D:2)
  2 dart slugs (D:1)
  An orc (D:3)
  5 endoplasms
  2 giant cockroaches (D:1)
  5 goblins
  6 hobgoblins
  3 quokkas
  3 ball pythons
  6 bats
  4 frilled lizards
  3 kobolds
  6 rats
50 creatures vanquished.

Notes
Turn   | Place    | Note
-------+----------+-------------------------------------------
     0 | D:1      | Kel the Minotaur Berserker began the quest for the Orb.
     0 | D:1      | Reached XP level 1. HP: 19/19 MP: 0/0
   374 | D:1      | Reached XP level 2. HP: 27/27 MP: 1/1
   574 | D:1      | Reached skill level 4 in Axes
   969 | D:1      | Reached XP level 3. HP: 19/33 MP: 2/2
  1368 | D:2      | Reached ** piety under Trog
  1383 | D:2      | Reached skill level 5 in Axes
  1696 | D:3      | Found a shimmering altar of Xom.
  1730 | D:3      | Reached XP level 4. HP: 40/40 MP: 3/3
  1937 | D:3      | Noticed Jessica
  1946 | D:3      | Killed Jessica
  2057 | D:3      | Noticed Grinder
  2071 | D:3      | Paralysed by Grinder for 2 turns
  2072 | D:3      | Killed from afar by Grinder

Illustrated notes

Levels and vault maps discovered:
D:1:      dpeg_arrival_shrine, layout_basic
D:2:      layout_basic
D:3:      layout_basic, nicolae_overflow_crystal_walls,
          hellmonk_ecumenical_altar_pennies_from_heaven,
          hangedman_decor_growths, minmay_joined_circles, uniq_jessica,
          uniq_grinder

Skill      XL: |  1  2  3 |
---------------+----------+-----
Axes           | 4 5 |  5.8
Fighting       | |  3.9
Armour         | |  2.8
Dodging        | |  2.5

Action                   |  1- 3 |  4- 6 || total
-------------------------+-------+-------++-------
Melee: Hand axe          |    80 |     6 ||    86
       Headbutt          |    20 |     2 ||    22
       Punch             |     1 |       ||     1
       Club              |       |     8 ||     8
Armor: Animal skin       |     2 |       ||     2
       Scale mail        |    14 |     4 ||    18
Dodge: Dodged            |    52 |     9 ||    61
